 Dungeon Crawl Stone Soup version 0.28-a0-1190-g77e1c55843 (webtiles) character file.

Game seed: 7779446364637085561

8 Turgor the Ducker (level 2, 22/22 HPs)
             Began as a Demonspawn Gladiator on Dec 19, 2021.
             Quit the game on level 1 of the Dungeon.
             The game lasted 00:02:55 (148 turns).

Turgor the Ducker (Demonspawn Gladiator)             Turns: 148, Time: 00:02:56

Health: 22/22      AC:  4    Str: 14    XL:     2   Next: 0%
Magic:  2/2        EV: 12    Int:  9    God:
Gold:   0          SH:  0    Dex: 14    Spells: 1/1 levels left

rFire   . . .      SeeInvis .   g - +2 hand axe (flame)
rCold   . . .      Faith    .   (no shield)
rNeg    . . .      Spirit   .   b - +0 leather armour
rPois   .          Reflect  .   c - +0 helmet
rElec   .          Harm     .   (no cloak)
rCorr   .          Rampage  .   (no gloves)
Will    .....                   (no boots)
Stlth   +.........              (no amulet)
HPRegen 0.07/turn               (no ring)
MPRegen 0.08/turn               (no ring)

@: no status effects
A: powered by pain 1
a: no special abilities


You were on level 1 of the Dungeon.
You visited 1 branch of the dungeon, and saw 1 of its levels.

Inventory:

Hand Weapons
 a - a +0 flail
 g - a +2 hand axe of flaming (weapon)
Missiles
 d - 3 throwing nets (quivered)
 f - 20 stones
Armour
 b - a +0 leather armour (worn)
 c - a +0 helmet (worn)
Scrolls
 h - a scroll of magic mapping {unknown}
Potions
 e - a potion of invisibility {unknown}


   Skills:
 + Level 2.2 Fighting
 * Level 1.0(2.0) Axes
 - Level 2.6(2.8) Maces & Flails
 - Level 1.7 Throwing
 + Level 2.8 Dodging


You had one spell level left.
You didn't know any spells.
Your spell library was empty.

Dungeon Overview and Level Annotations

Branches:
Dungeon (1/15)

Altars:


Innate Abilities, Weirdness & Mutations

You sometimes gain a little power by taking damage.


Message History

You see here a rat corpse.
An endoplasm comes into view.
The endoplasm quivers.
You barely miss the endoplasm. The endoplasm misses you.
You hit the endoplasm. You burn the endoplasm.
You kill the endoplasm!
Found a mace.
A goblin and a kobold come into view.
The kobold shouts!
The goblin shouts!
You hit the goblin. You burn the goblin.
You kill the goblin!
You hit the kobold. You burn the kobold.
The kobold is severely wounded.
The kobold misses you.
You hit the kobold. You burn the kobold.
You kill the kobold!
A dart slug comes into view.
Items here: )) ††.
You start waiting.
A dart slug is nearby!
Items here: )) ††.
You hit the dart slug but do no damage. The dart slug closely misses you.
You hit the dart slug. You burn the dart slug.
The dart slug is severely wounded.
The dart slug closely misses you.
You hit the dart slug. You burn the dart slug.
You kill the dart slug!
h - a scroll labelled USIOKU POHELER A giant cockroach comes into view.
Found a scroll labelled OFOG ERCHOALIHI.
You closely miss the giant cockroach.
The giant cockroach bites you but does no damage. x2
You hit the giant cockroach. You burn the giant cockroach.
You kill the giant cockroach!
Your base Axes skill increases to level 1!
You have reached level 2!
Your demonic ancestry asserts itself...
You feel energised by your suffering.
Unknown command.
Are you sure you want to abandon this character and quit the game? (Confirm with "yes".)

######################.
.).....#...............
#.#..............##
...........#####@.#
...........### #.†.#
.............# #....#
.)#.#.##...#...#....#
..#.#.##....###.....#
..#.#.##.#..# ......
..#.#.##.#.#.⌠ #......
..#.#.##.#..#.#.?.#.###
.......... .###


There were no monsters in sight!

Vanquished Creatures
  A dart slug (D:1)
  An endoplasm (D:1)
  A giant cockroach (D:1)
  A kobold (D:1)
  A goblin (D:1)
  A rat (D:1)
6 creatures vanquished.

Notes
Turn   | Place    | Note
-------+----------+-------------------------------------------
     0 | D:1      | Turgor the Demonspawn Gladiator began the quest for the
                  | Orb.
     0 | D:1      | Reached XP level 1. HP: 16/16 MP: 1/1
   148 | D:1      | Reached skill level 1 in Axes
   148 | D:1      | Gained mutation: You sometimes gain a little power by
                  | taking damage. [demonic ancestry]
   148 | D:1      | Reached XP level 2. HP: 22/22 MP: 2/2
   148 | D:1      | Quit the game

Illustrated notes

Levels and vault maps discovered:
D:1:      lightli_arrival_statuegarden, layout_loops_ring,
          hellmonk_ecumenical_altar_inner_sanctum,
          nicolae_concentric_dashed_squares_mild, grunt_decor_one_mirror

Skill      XL: |  1 |
---------------+----+-----
Axes           | 1 |  1.0
Fighting       | |  2.2
Maces & Flails | |  2.6
Throwing       | |  1.7
Dodging        | |  2.8

Action                   || total
-------------------------++-------
Melee: Hand axe          ||    11
Armor: Leather armour    ||     3
Dodge: Dodged            ||     4

Table legend: (Time is in decaauts)
 A = Elapsed time spent in this place.
 B = Non-inter-level travel time spent in this place.
 C = Inter-level travel time spent in this place.
 D = Time resting spent in this place.
 E = Time spent auto-exploring this place.
 F = Levels seen in this place.
 G = Mean time per level.
                   A        B        C        D        E       F      G
               +--------+--------+--------+--------+--------+-----+--------+
         Total |    149 |    149 |      0 |      7 |     95 |   1 |  149.0 |
       Dungeon |    149 |    149 |      0 |      7 |     95 |   1 |  149.0 |
               +--------+--------+--------+--------+--------+-----+--------+

Top non-repeatable levels by time:
     D:1: 149 daAuts
